Map: [ESL] Solaris

Players

SHIN - Winner!

  • Race: Zerg Zerg
  • Spawn Location: 7:00

Spirit

  • Race: Terran Terran
  • Spawn Location: 1:00

Event: ESL SC2 Masters 2023 Winter (Finals)

VOD

Have the link to the VOD?

Description

Time

  • Played on: Dec. 16, 2023, 10:14 a.m.
  • Length: 9:33

All games in this series

Show
View Real Time Build Order
Export as new Build Order

SHIN Zerg - Winner!

Build Orders: Hatch First 

Get SALT Encoding   

  12  0:00  Drone  
  13  0:08  Drone  
  14  0:16  Overlord  
  14  0:21  Extractor  
  14  0:22  Drone  
  15  0:35  Drone  
  16  0:48  Hatchery  
  15  0:52  Drone  
  15  0:56  Drone  
  17  1:09  Spawning Pool  
  16  1:12  Drone  
  16  1:17  Drone  
  18  1:19  Drone  
  19  1:38  Hatchery  
  18  1:42  Extractor  
  17  1:56  Zergling x6  
  17  2:01  Zergling x2  
  23  2:07  Drone  
  24  2:13  Queen  
  26  2:18  Drone  
  26  2:21  Overlord  
  24  2:39  Drone  
  24  2:40  Drone  
  26  2:49  Queen  
  28  2:53  Drone x2  
  29  3:00  Queen  
  29  3:01  Drone x2  
  33  3:12  Drone x2  
  34  3:21  Drone  
  34  3:23  Overlord x2  
  34  3:26  Extractor  
  34  3:28  Lair  
  34  3:29  Drone  
  35  3:41  Queen  
  35  3:42  Drone x3  
  35  3:45  Overlord  
  35  3:46  Drone  
  41  3:48  Metabolic Boost  
  41  3:55  Drone  
  42  3:57  Drone x3  
  45  4:06  Drone  
  45  4:08  Drone x4  
  50  4:14  Extractor  
  50  4:15  Extractor  
  48  4:17  Drone  
  48  4:19  Drone  
  52  4:27  Spire  
  52  4:29  Drone x2  
  53  4:31  Drone  
  53  4:34  Drone x2  
  54  4:40  Hatchery  
  54  4:45  Drone x2  
  55  4:51  Overlord  
  55  4:53  Zergling x2  
  55  4:54  Zergling x4  
  55  4:56  Overseer  
  55  4:59  Overlord  
  58  5:02  Overlord  
  58  5:12  Zergling x4  
  60  5:19  Overlord  
  60  5:28  Baneling Nest  
  59  5:34  Overlord  
  59  5:39  Mutalisk x5  
  59  5:40  Mutalisk  
  59  5:41  Spore Crawler  
  70  5:45  Drone  
  70  5:46  Drone x2  
  73  5:52  Mutalisk  
  73  5:53  Drone  
  73  5:56  Drone  
  77  6:00  Zerg Flyer Weapons Level 1  
  77  6:02  Drone  
  77  6:04  Drone x2  
  80  6:05  Drone x3  
  80  6:06  Drone  
  80  6:07  Drone  
  80  6:09  Drone  
  86  6:11  Centrifugal Hooks  
  86  6:16  Evolution Chamber  
  86  6:17  Evolution Chamber  
  84  6:18  Mutalisk  
  84  6:20  Drone  
  84  6:21  Drone  
  88  6:28  Mutalisk  
  90  6:33  Drone x2  
  90  6:34  Drone x2  
  90  6:37  Mutalisk, Overlord  
  90  6:39  Drone x4  
  100  6:45  Drone x4  
  104  6:53  Zerg Melee Weapons Level 1  
  104  6:56  Extractor x2  
  104  6:59  Overlord  
  102  7:04  Drone x5  
  102  7:11  Mutalisk x2, Hatchery  
  105  7:16  Overlord x2  
  105  7:17  Zerg Ground Armor Level 1  
  105  7:21  Zergling x10  
  110  7:33  Overlord  
  110  7:35  Zergling x10  
  115  7:41  Mutalisk x3  
  121  7:44  Zergling x6  
  121  7:47  Baneling x4  
  121  7:50  Baneling x2  
  121  7:51  Zergling x2, Overlord  
  124  7:52  Zergling x10  
  124  7:57  Drone  
  131  7:59  Spore Crawler  
  131  8:01  Drone x2  
  131  8:03  Baneling x8  
  131  8:04  Overlord  
  132  8:10  Zergling x2  
  132  8:12  Baneling  
  133  8:13  Baneling x6  
  133  8:16  Zergling x10  
  133  8:19  Overlord  
  138  8:20  Zergling x10  
  138  8:21  Baneling x5  
  138  8:22  Overlord  
  143  8:27  Overlord  
  143  8:28  Zergling x4  
  143  8:33  Zergling x2  
  146  8:35  Baneling x5  
  146  8:36  Baneling x3  
  146  8:37  Zergling x6  
  149  8:44  Zergling x2  
  149  8:47  Zergling x8  
  154  8:50  Zergling x14  
  154  8:54  Zergling x2  
  160  9:02  Zergling x6  
  150  9:06  Drone  
  150  9:07  Drone  
  155  9:18  Drone x2, Hatchery  
  155  9:19  Drone x4  
Show
View Real Time Build Order
Export as new Build Order

Spirit Terran 

Build Orders:  

Get SALT Encoding   

  12  0:00  SCV  
  13  0:12  SCV  
  14  0:17  Supply Depot  
  14  0:24  SCV  
  15  0:38  SCV  
  16  0:50  SCV  
  17  1:00  Barracks  
  17  1:02  SCV  
  17  1:03  Refinery  
  18  1:15  SCV  
  19  1:28  Command Center  
  19  1:32  SCV  
  21  1:47  Marine  
  21  1:50  Orbital Command  
  21  2:05  Marine  
  22  2:10  Supply Depot  
  22  2:16  SCV  
  23  2:27  Marine  
  23  2:32  SCV  
  24  2:43  Factory  
  24  2:44  Marine, SCV  
  26  2:56  SCV  
  25  3:02  Marine  
  26  3:08  SCV  
  26  3:20  SCV  
  26  3:25  Command Center  
  27  3:31  Hellion  
  27  3:32  Barracks Reactor, SCV  
  30  3:39  Orbital Command  
  30  3:44  SCV  
  30  3:48  Refinery  
  31  3:53  Hellion  
  33  3:57  SCV  
  34  4:04  Starport  
  34  4:05  SCV  
  34  4:09  SCV  
  36  4:17  SCV  
  36  4:20  Barracks Tech Lab, Supply Depot  
  36  4:21  SCV  
  38  4:27  Hellion x2  
  38  4:29  SCV  
  43  4:33  SCV  
  44  4:39  Orbital Command  
  44  4:41  SCV  
  44  4:45  SCV  
  49  4:53  SCV  
  49  4:57  Barracks Tech Lab, SCV  
  55  5:05  SCV  
  51  5:09  SCV  
  51  5:13  Barracks  
  48  5:15  Starport Reactor, Refinery  
  48  5:16  Barracks, Refinery  
  48  5:17  Marine  
  48  5:18  SCV  
  48  5:19  Stimpack, Supply Depot, Engineering Bay  
  48  5:20  Engineering Bay  
  50  5:21  SCV x2  
  52  5:29  Siege Tank  
  52  5:33  SCV  
  58  5:37  SCV x2  
  58  5:38  Barracks  
  58  5:39  Barracks  
  58  5:45  SCV  
  59  5:51  SCV  
  61  5:59  Supply Depot  
  61  6:00  Orbital Command, Supply Depot  
  61  6:03  SCV, Marine  
  63  6:04  Starport Reactor  
  63  6:05  Missile Turret  
  63  6:06  Marine x2  
  63  6:10  Missile Turret  
  64  6:12  Marine  
  64  6:13  Missile Turret, Marine  
  66  6:21  Marine  
  66  6:22  Supply Depot  
  66  6:23  Marine  
  66  6:24  Siege Tank, Marine  
  72  6:26  Barracks Reactor  
  72  6:27  Barracks Reactor  
  72  6:30  Marine  
  72  6:31  Marine  
  67  6:39  Marine  
  67  6:41  Marine x2  
  69  6:48  Marine  
  69  6:49  Marine  
  69  6:51  Medivac x2  
  73  6:55  Supply Depot  
  73  6:57  Marine, Engineering Bay  
  73  6:58  Engineering Bay  
  73  6:59  Marine x2  
  76  7:02  Combat Shield  
  76  7:04  Marine  
  76  7:06  Marine  
  76  7:07  Marine x4  
  81  7:15  Supply Depot, Marine  
  82  7:17  Marine x2  
  82  7:18  Supply Depot  
  82  7:22  Marine  
  84  7:33  Terran Infantry Weapons Level 1  
  84  7:34  Terran Infantry Armor Level 1  
  84  7:36  Marine x3  
  84  7:37  SCV  
  85  7:39  Marine x3  
  85  7:40  SCV x2  
  92  7:46  Supply Depot  
  92  7:48  Supply Depot  
  92  7:49  Marine  
  92  7:51  Medivac  
  93  8:07  Siege Tank, Medivac, Marine x3  
  93  8:08  Marine  
  93  8:09  SCV, Marine x5  
  106  8:21  Medivac  
  106  8:25  Marine  
  109  8:34  Marine  
  109  8:38  Marine x2  
  109  8:41  Marine  
  109  8:56  Marine  
  109  8:57  Marine x7  
  109  8:58  Siege Tank  
  109  8:59  Marine  
  91  9:14  Marine x6  
Tags
 
Add a new tag
Caveats
  • Supply blocks, unpowered buildings, or Contaminate may cause inaccurate times.
  • Supply counts are checked every 10 seconds.